Cogmind - Beta 12 @@@ ROGUE MODE // 2023.09.05 @ 23:03:32 Player: heather Result: Destroyed by G-47 Trooper with Particle Gun Performance ------------- Evolutions (0) 0 Regions Visited (2) 400 Robots Destroyed (25) 125 Value Destroyed (670) 670 Prototype IDs (2) 40 Alien Tech Used (0) 0 Bonus (0) 0 TOTAL SCORE: 1235 Bonus ------- None Cogmind --------- Core Integrity 0/250 Matter 341/400 Energy 125/125 System Corruption 4% Temperature Cool (36) Movement Treading (160) Location -10/Mines Parts ------- > --- POWER (1) -------- Light Ion Engine > --- PROPULSION (2) --- Improved Treads Improved Treads > --- UTILITY (2) ------ Large Storage Unit Medium Matter Pod > --- WEAPON (2) ------- Shotgun Shotgun > --- INVENTORY (15) --- Aluminum Leg Aluminum Leg Large Storage Unit High-capacity Matter Pod (5) Weight Redist. System Weight Redist. System Weight Redist. System Weight Redist. System Signal Interpreter Improved Light Armor Plating Assault Rifle Peak State ------------ > --- POWER ------------ Ion Engine > --- PROPULSION ------- Improved Treads Improved Treads > --- UTILITY ---------- Large Storage Unit Medium Matter Pod > --- WEAPON ----------- Assault Rifle Shotgun > --- INVENTORY -------- Ion Engine Improved Treads Improved Treads Large Storage Unit Weight Redist. System Weight Redist. System Weight Redist. System Weight Redist. System Assault Rifle Assault Rifle Assault Rifle Shotgun Shotgun Shotgun [Rating: 12] Favorites ----------- Power Ion Engine Engine Ion Engine Propulsion Aluminum Leg Treads Improved Treads Leg Aluminum Leg Utility Large Storage Unit Device Heat Sink Storage Large Storage Unit Weapon Assault Rifle Energy Gun Small Laser Ballistic Gun Assault Rifle Build | -11 -10 -10 ------- Run | Jun Mat Min Slots Evolved . | . . . Power . | . . . Propulsion . | . . . Utility . | . . . Weapon . | . . . Parts Attached 35 | 6 13 16 Power 5 | 1 2 2 Engine 5 | 1 2 2 Core . | . . . Reactor . | . . . Propulsion 8 | 2 4 2 Treads 6 | . 4 2 Leg 2 | 2 . . Wheel . | . . . Hover . | . . . Flight . | . . . Utility 6 | 1 4 1 Device 1 | . 1 . Storage 5 | 1 3 1 Processor . | . . . Hackware . | . . . Protection . | . . . Artifact . | . . . Weapon 16 | 2 3 11 Energy Gun 3 | 2 1 . Energy Cannon . | . . . Ballistic Gun 13 | . 2 11 Ballistic Cannon . | . . . Launcher . | . . . Special Weapon . | . . . Impact Weapon . | . . . Slashing Weapon . | . . . Piercing Weapon . | . . . Special Melee Weapon . | . . . Unidentified Prototypes . | . . . Parts Lost 11 | . 1 10 Power 2 | . . 2 Propulsion 2 | . . 2 Utility 2 | . 1 1 Weapon 5 | . . 5 Highest Loss Streak 9 | . 1 9 To Critical Strikes . | . . . Average Slot Usage (%) 96 | . 97 95 Engine 13 | . 14 12 Treads 14 | . 5 27 Leg 12 | . 22 . Device 6 | . 11 . Storage 19 | . 14 26 Energy Gun 13 | . 23 . Ballistic Gun 14 | . 4 27 Naked Turns . | . . . Heaviest Build 31 | 13 31 31 Greatest Support 46 | 20 46 46 Greatest Overweight (x) 1 | . . 1 Average Overweight (x) . | . . . Largest Inventory Capacity 15 | 8 15 15 Average Capacity 12 | 7 10 15 Most Carried 15 | 5 15 14 Average Carried 9 | 2 9 9 Final Capacity 15 | 8 15 15 Final Carried 14 | 4 14 11 Class Distribution -------------------- 100% | Mutant Dominant Class ---------------- Mutant | -10/Materials Mutant | -10/Mines Resources | -11 -10 -10 ----------- Run | Jun Mat Min Matter Collected 851 | 214 275 362 Remotely . | . . . Salvage Created 1184 | 82 568 534 Parts 45 | . 21 24 Haulers Intercepted 2 | . 2 . Recyclers Shooed 8 | . 4 4 Parts Field Recycled . | . . . Retrieved Matter . | . . . Parts Self-Destructed . | . . . Prevented . | . . . Kills | -11 -10 -10 ------- Run | Jun Mat Min Combat Hostiles Destroyed 18 | . 9 9 Melee 2 | . . 2 Guns 15 | . 8 7 Classes Destroyed 7 | 1 3 3 Worker 1 | . . 1 Hauler 2 | . 2 . Recycler 6 | 1 1 4 Operator 1 | . 1 . Grunt 13 | . 9 4 Demolisher 2 | . . 2 Assembled 3 | . . 3 Best Kill Streak 6 | 1 6 5 Combat Bots Only 5 | . 5 5 Max Kills in Single Turn 1 | 1 1 1 Gunslinging . | . . . Exploded . | . . . Melee 1 | . . 1 Uniques/NPCs Destroyed . | . . . Combat | -11 -10 -10 -------- Run | Jun Mat Min Damage Taken 1887 | . 355 1532 Core 261 | . 26 235 Absorbed by Shields . | . . . Core Remaining (%) 100 | 100 . . Volleys Fired 86 | 8 41 37 Largest 2 | 2 2 2 Hottest 90 | 90 90 46 Shots Fired 162 | 16 82 64 Gun 162 | 16 82 64 Cannon . | . . . Launcher . | . . . Special . | . . . Kinetic 70 | . 6 64 Thermal 92 | 16 76 . Explosive . | . . . Electromagnetic . | . . . Robot Hit Streak 14 | 2 9 14 Robot Miss Streak 3 | 2 2 3 Penetration Max . | . . . Secondary Targets 1 | . . 1 Max Gunslinging Chain 1 | . . 1 Shots Hit Robots 113 | 9 61 43 Core Hits 63 | 2 30 31 Critical Kills . | . . . Critical Parts Destroyed . | . . . Critical Strikes 4 | . 4 . Burn 4 | . 4 . Melee Attacks . | . . . Impact . | . . . Slashing . | . . . Piercing . | . . . Sneak Attacks . | . . . Combat Hostiles . | . . . Follow-up Attacks . | . . . Damage Inflicted 1519 | 104 773 642 Guns 1496 | 104 770 622 Cannons . | . . . Explosions . | . . . Melee . | . . . Ramming 23 | . 3 20 Kinetic 671 | . 49 622 Thermal 825 | 104 721 . Explosive . | . . . Electromagnetic . | . . . Impact . | . . . Slashing . | . . . Piercing . | . . . Highest Corruption 4 | . . 4 Average Corruption 3 | . . 3 Corruption Purged . | . . . Corruption Blocked . | . . . Effects 22 | . . 22 Message Errors 6 | . . 6 Matter Fused 8 | . . 8 Heat Flow Errors 2 | . . 2 Energy Discharges 1 | . . 1 Data Loss (minor) 2 | . . 2 Data Loss (major) 1 | . . 1 Misfires 1 | . . 1 Weapon Failures 1 | . . 1 Overload Shots . | . . . Overflow Damage . | . . . Projectiles . | . . . Explosions . | . . . Melee . | . . . Knockbacks . | . . . Impact . | . . . Kinetic . | . . . Secondary . | . . . Self-Inflicted Damage . | . . . Shots . | . . . Rammed 9 | . . 9 Targets Rammed 15 | . 3 12 Kicked 3 | . 3 . Crushed 3 | . . 3 Highest Temperature 413 | 90 413 227 Average Temperature 102 | 41 137 64 Received Heat Transfer 345 | . 174 171 Effects 1 | . 1 . Shutdowns 1 | . 1 . Siege Activations . | . . . Robots Corrupted . | . . . Combat Hostiles . | . . . Parts Fried . | . . . Impact Corruptions . | . . . Robots Melted 1 | . 1 . Combat Hostiles 1 | . 1 . Parts Melted 8 | . 8 . Heat Transferred 2501 | 285 2216 . Parts Sabotaged . | . . . Parts Stolen . | . . . Parts Stripped . | . . . Power Chain Reactions . | . . . Missiles Intercepted . | . . . Alert | -11 -10 -10 ------- Run | Jun Mat Min Peak Influence 185 | 5 185 80 Initial 3 | . 3 . Average 46 | 2 67 24 Maximum Alert Level . | . . . Low Security (%) 100 | 100 100 100 Level 1 . | . . . Level 2 . | . . . Level 3 . | . . . Level 4 . | . . . Level 5 . | . . . High Security . | . . . Max Security . | . . . Squads Dispatched 4 | . 3 1 Investigation 2 | . 2 . Extermination . | . . . Reinforcement 1 | . 1 . Assault 1 | . . 1 Garrison . | . . . Intercept . | . . . Searches Triggered . | . . . Construction Impeded . | . . . Haulers Reinforced . | . . . Active Scanning Responses . | . . . Cargo Convoy Interrupts . | . . . Stealth | -11 -10 -10 --------- Run | Jun Mat Min Distress Signals 1 | . 1 . Communications Jammed . | . . . Distress Signals . | . . . Times Spotted 49 | . 18 31 Peak Tracking Total 15 | . 3 15 Tactical Retreats 3 | . 2 1 Traps | -11 -10 -10 ------- Run | Jun Mat Min Traps Triggered 1 | . 1 . Indirectly . | . . . Trap Hack Attempts . | . . . Triggered . | . . . Disarmed . | . . . Reprogrammed . | . . . Reused . | . . . Traps Extracted . | . . . Installed . | . . . Triggered . | . . . Machines | -11 -10 -10 ---------- Run | Jun Mat Min Machines Disabled . | . . . Max in Single Turn . | . . . Machines Repaired . | . . . Machines Sabotaged . | . . . Overloaded Fab Kills . | . . . Hacking | -11 -10 -10 --------- Run | Jun Mat Min Machines Accessed 8 | . 8 . Terminals 7 | . 7 . Fabricators . | . . . Repair Stations . | . . . Recycling Units 1 | . 1 . Scanalyzers . | . . . Garrison Access . | . . . Total Hacks 20 | . 20 . Successful 10 | . 10 . Failed 10 | . 10 . Catastrophic 1 | . 1 . Database Lockouts . | . . . Manual . | . . . Terminals 19 | . 19 . Fabricators . | . . . Repair Stations . | . . . Recycling Units 1 | . 1 . Scanalyzers . | . . . Garrison Access . | . . . Terminal Hacks 9 | . 9 . Record 1 | . 1 . Prototype ID Bank 1 | . 1 . Branch Access Points 1 | . 1 . Emergency Access Points 2 | . 2 . Alert Level 1 | . 1 . Locate Traps 1 | . 1 . Transport Status 1 | . 1 . Zone Layout 1 | . 1 . Fabricator Hacks . | . . . Repair Station Hacks . | . . . Recycling Unit Hacks 1 | . 1 . Report Inventory 1 | . 1 . Scanalyzer . | . . . Garrison Access Hacks . | . . . Unauthorized Hacks . | . . . Terminals . | . . . Fabricators . | . . . Repair Stations . | . . . Recycling Units . | . . . Scanalyzers . | . . . Garrison Access . | . . . Data Cores Recovered . | . . . Used . | . . . Hacking Detections 6 | . 6 . Full Trace Events 4 | . 4 . Feedback Events . | . . . Feedback Blocked . | . . . Robot Schematics Acquired . | . . . Robots Built . | . . . Authchips . | . . . Time . | . . . Total Robot Build Rating . | . . . Part Schematics Acquired . | . . . Parts Built . | . . . Authchips . | . . . Time . | . . . Total Part Build Rating . | . . . Parts Repaired . | . . . Time . | . . . Parts Recycled . | . . . Recycled Matter . | . . . Retrieved Matter . | . . . Retrieved Components . | . . . Parts Scanalyzed . | . . . Part Schematics Acquired . | . . . Parts Damaged . | . . . Bothacking | -11 -10 -10 ------------ Run | Jun Mat Min Used RIF Installer . | . . . Robots Hacked . | . . . Non-combat . | . . . Combat . | . . . Robot Hacks Applied . | . . . Relay Couplers Released . | . . . Fabnet Peak Effective % . | . . . Robots Rewired . | . . . Allies Hacked . | . . . Hacks Repelled . | . . . Allies | -11 -10 -10 -------- Run | Jun Mat Min Total Allies 1 | . . 1 Largest Group 1 | . . 1 Highest-Rated Group 31 | . . 31 Highest-Rated Ally 31 | . . 31 Total Orders . | . . . Ally Attacks 1 | . . 1 Total Damage 20 | . . 20 Kills . | . . . Allies Corrupted . | . . . Allies Melted . | . . . Intel | -11 -10 -10 ------- Run | Jun Mat Min Robot Analysis Total . | . . . Derelict Logs Recovered 1 | . . 1 Drone Launches . | . . . Drone Recoveries . | . . . Exploration | -11 -10 -10 ------------- Run | Jun Mat Min Turns Passed 2233 | 125 1212 896 Spaces Moved 1282 | 74 741 467 Core 4 | 4 . . Treads 587 | . 120 467 Legs 691 | 70 621 . Wheels . | . . . Hover . | . . . Flight . | . . . Fastest Speed 50 | 50 120 160 Average Speed 138 | 116 126 160 Slowest Speed 240 | 120 160 240 Overloaded Moves . | . . . Propulsion Burnouts . | . . . Robots Hopped . | . . . Cave-ins Triggered . | . . . Exploration Rate (%) 62 | 5 91 90 Regions Visited 2 Branch Regions 1 Pre-discovered Areas 1 | . . 1 Known Exits Taken 1 | . 1 . Unknown Exits Taken 1 | 1 . . Scrap Searched 1 | . . 1 Spaces Dug . | . . . Terrain Destroyed . | . . . Melee . | . . . Projectile . | . . . AOE . | . . . Terrain Rammed . | . . . Walls Destroyed . | . . . Machines Disabled . | . . . Actions | -11 -10 -10 --------- Run | Jun Mat Min Total 1578 | 97 940 541 Wait 89 | . 87 2 Move 1280 | 73 740 467 Hop . | . . . Pick Up 51 | 10 34 7 Fast Attach . | . . . Attach 18 | 6 2 10 Detach . | . . . Swap 17 | . 11 6 Drop 22 | . 22 . Fire 86 | 8 41 37 Melee . | . . . Ram . | . . . Kick 3 | . 3 . Crush 12 | . . 12 Escape Stasis . | . . . Rewire . | . . . Trap . | . . . Miscellaneous . | . . . Route ------- -11/Junkyard -10/Materials (discovered 4 exits: [*Mat x3] / *Min) -10/Mines (discovered 1 exit: [*Mat]) History --------- Turn | Location | Event 3 | -11/Junkyard | Discovered new exit (range 15) 126 | -11/Junkyard | Entered Materials 328 | -10/Materials | Build established: Mutant 393 | -10/Materials | Discovered new exit (range 14) 551 | -10/Materials | Discovered new exit (range 13) 870 | -10/Materials | Discovered new exit (range 16) 879 | -10/Materials | Identified exit to Mines 1338 | -10/Materials | Entered Mines 1339 | -10/Mines | Assembled infested the area 1371 | -10/Mines | Core integrity fell below 50% 1389 | -10/Mines | Core integrity fell below 20% 1421 | -10/Mines | Lost 9 parts (2p2n1u4w) 1996 | -10/Mines | Discovered new exit (range 10) 2210 | -10/Mines | Met a Derelict testing a Signal Generator 2234 | -10/Mines | Destroyed by G-47 Trooper with Particle Gun Last Messages --------------- 02218_ G-34 Mercenary unfolds itself. 02219_ Signal Generator broadcasts a burst of procedurally generated transmissions. 02219_ ALERT: Intercepting significant anomalous signal. Redirecting assault force. 02220_ G-47 Trooper: "LOCATED POTENTIAL SOURCE OF ANOMALOUS SIGNAL. NEUTRALIZING." 02220_ II-3LY(g) destroyed. 02221_ Assault Rifle destroyed. 02224_ M-13 Machinist repairs G-34 Mercenary. 02224_ G-34 Mercenary destroyed. 02227_ Signal Generator broadcasts a burst of procedurally generated transmissions. 02227_ ALERT: Intercepting significant anomalous signal. Redirecting assault force. 02227_ Signal Generator's internal power supply exhausted. 02227_ G-34 Mercenary destroyed. 02227_ Switching to secondary target: G-34 Mercenary. 02228_ G-47 Trooper: "LOCATED POTENTIAL SOURCE OF ANOMALOUS SIGNAL. NEUTRALIZING." Map ----- +----------------------------------------------------+ | ????????????????# ## #???????????? | | ????????????????# ##??????????? | | ????????????????## #??????????? | | ?????????????????## ##?????????? | | ??????????????????## ##????????? | | ???????????????????# ##???????? | | ???????????????????# #???????? | | ???????????????????## ## #???????? | | ????????????????????## #### #####???????? | | ????????????????????## #?# #???????????? | | ????????????????????# #?# #???????????? | | ????????????????????# ##?# ###?????????? | | ????????????????????## ##?## ##????????? | | ?????????????????????#####?## #????????? | | ???????????????????????????# #???##???? | | ???????????????????????????# #### #???? | | ???????????????????????????# ## #???? | | #??????????????????????????## ## #???? | | ##??????????????# ??????????###### #???? | | #???????????????# ??????????????## ##??? | | #????????????????# ??????????????## ##?? | | ##?????????????????# ??????????????## #?? | | ???????????????????# #####????????## #?? | | ??????????????????## =g%m!#????????# #?? | | ??????????????????# %g[=%########## #?? | | ?????????????????# ##*@ ##?? | | ?????????????????# ??#= ! ##??? | | ?????????????????# ???############# ##???? | | ?????????????????#?????????????????#####????? | | ????????????????????????????????????????????? | | ????????????????????????????????????????????? | | ????????????????????????????????????????????? | | | | | | | | | | | | | | | | | | | | | | | | | | | | | | | | | | | | | +----------------------------------------------------+ Best States ------------- Heat Dissipation 35 Energy Generation 10 Energy Capacity 250 Matter Stores 400 Matter Capacity 400 Sight Range 16 Terrain Scan Density 10 Evasion (%) 55 Recoil Reduction 2 Item Schematics ----------------- None Robot Schematics ------------------ None Fabricated ------------ Nothing Alien Tech Used ----------------- None Achievements -------------- None Challenges ------------ None Game ------ Seed ThrowingCoreWings Manual? 0 Play Time 00:42:33 Cumulative 10.9 hours Start 2023.09.05 @ 22:21:23 End 2023.09.05 @ 23:03:32 Sessions 1 Manual Loads 0 Difficulty Rogue Special Mode None Game No. 4 Rogue 4 Adventurer 0 Explorer 0 Win Type - Total 0 Types 0/0/0/0/0/0/0/0/0 Lore% 11 Gallery% 9 Achievement% 9 Wizard Run 0 Options --------- ASCII 1 Keyboard 1 Movement Vi Keybinds 0 Fullscreen 0 Font 14/SmallcapsGlow Map View 75x55 Tactical HUD 1 Map Filters NONE Filters NONE Steam 1 RUN: a0bd139c-c172-42da-821d-5031f318555a